MLB
LAS VEGAS HUSTLE @ COLORADO ROCKIES
09/25/2098
 
TOP OF THE 1ST
Las Vegas Hustle batting - Pitching for Colorado Rockies : RHP Rob Dillon
Pitching: RHP Rob Dillon
Batting: RHB Rick Roberds 0-0: Ball
1-0: Ball
2-0: SINGLE (Line Drive, 7S, EV 91.9 MPH)
Batting: SHB Jose Espinoza 0-0: Ball
1-0: Called Strike
1-1: Ball
2-1: Ball
3-1: Foul Ball, location: 7LSF
3-2: Strikes out looking
Batting: RHB Tony Ledezma 0-0: Foul Ball, location: 5F
0-1: Swinging Strike
0-2: Ball
1-2: Strikes out swinging
Batting: RHB John Conway 0-0: Called Strike
0-1: Ball
1-1: Called Strike
1-2: Strikes out swinging
Top of the 1st over - 0 runs, 1 hit, 0 errors, 1 left on base; Las Vegas 0 - Colorado 0
BOTTOM OF THE 1ST
Colorado Rockies batting - Pitching for Las Vegas Hustle : RHP Justin Price
Pitching: RHP Justin Price
Batting: LHB Glenn Sewell 0-0: Ball
1-0: Ball
2-0: Ball
3-0: Called Strike
3-1: SINGLE (Line Drive, 56D, EV 96.9 MPH)
Batting: RHB Mike Woodard 0-0: Swinging Strike
0-1: Called Strike
0-2: Strikes out swinging
Batting: LHB Matt Beck 0-0: SINGLE (Line Drive, 4D, EV 99.4 MPH)
Glenn Sewell to second
Runner from 2nd tries for 3rd, SAFE, no throw by RF
Batting: LHB Jeremy Papish 0-0: Called Strike
0-1: Ball
1-1: Ball
2-1: Foul Ball, location: 2F
2-2: Strikes out swinging
Batting: LHB Carlos Parez 0-0: Swinging Strike
0-1: Fly out, F4 (Flyball, 3D, EV 86.9 MPH)
Bottom of the 1st over - 0 runs, 2 hits, 0 errors, 2 left on base; Las Vegas 0 - Colorado 0
TOP OF THE 2ND
Las Vegas Hustle batting - Pitching for Colorado Rockies : RHP Rob Dillon
Batting: RHB Clint Hurley 0-0: Called Strike
0-1: Ground out 5-3 (Groundball, 56S, EV 81.3 MPH)
Batting: LHB Yazid Deacon 0-0: Foul Ball, location: 2F
0-1: Ball
1-1: Foul Ball, location: 2F
1-2: Strikes out swinging
Batting: RHB Norge Carlos Hernandez 0-0: Ball
1-0: Called Strike
1-1: Swinging Strike
1-2: Foul Ball, location: 2F
1-2: Strikes out swinging
Top of the 2nd over - 0 runs, 0 hits, 0 errors, 0 left on base; Las Vegas 0 - Colorado 0
BOTTOM OF THE 2ND
Colorado Rockies batting - Pitching for Las Vegas Hustle : RHP Justin Price
Batting: LHB Mike Keatts 0-0: Ball
1-0: Called Strike
1-1: Ball
2-1: Foul Ball, location: 2F
2-2: SINGLE (Line Drive, 6M, EV 94.4 MPH)
Batting: RHB Hugo Sanchez 0-0: Called Strike
0-1: Ball
1-1: Fly out, F8 (Line Drive, 8RM, EV 90.6 MPH)
Batting: LHB Jesus Pena 0-0: Ball
Mike Keatts steals 2nd base
1-0: Called Strike
1-1: DOUBLE (Line Drive, 7LM, EV 101.9 MPH)
Mike Keatts scores
Batting: RHB Brenden Oxton 0-0: Ball
1-0: Ball
2-0: Ball
3-0: Called Strike
3-1: Foul Ball, location: 2F
3-2: Foul Ball, location: 7LSF
3-2: Foul Ball, location: 5FF
3-2: Strikes out swinging
Batting: LHB Glenn Sewell 0-0: Called Strike
0-1: Ball
1-1: Fly out, F9 (Flyball, 9LM, EV 76.3 MPH)
Bottom of the 2nd over - 1 run, 2 hits, 0 errors, 1 left on base; Las Vegas 0 - Colorado 1
TOP OF THE 3RD
Las Vegas Hustle batting - Pitching for Colorado Rockies : RHP Rob Dillon
Batting: SHB Josh Osborne 0-0: Ball
1-0: Swinging Strike
1-1: Ball
2-1: Fly out, F7 (Flyball, 7LM, EV 90.6 MPH)
Batting: SHB Alberto Aguilar 0-0: Called Strike
0-1: Ball
1-1: SOLO HOME RUN (Flyball, 89XD, EV 110.0 MPH), Distance : 405 ft
Pitching: RHP Angel Cruz
Batting: RHB Rick Roberds 0-0: Called Strike
0-1: Called Strike
0-2: Foul Ball, location: 5F
0-2: Ball
1-2: Foul Ball, location: 2F
1-2: Foul Ball, location: 2F
1-2: DOUBLE (Line Drive, 5D, EV 96.3 MPH)
Batting: SHB Jose Espinoza 0-0: Foul Ball, location: 9LMFF
0-1: Ground out 6-3 (Groundball, 6, EV 98.8 MPH)
Rick Roberds to third
Batting: RHB Tony Ledezma 0-0: Ball
1-0: Foul Ball, location: 5FF
1-1: Swinging Strike
1-2: Strikes out looking
Top of the 3rd over - 1 run, 2 hits, 0 errors, 1 left on base; Las Vegas 1 - Colorado 1
BOTTOM OF THE 3RD
Colorado Rockies batting - Pitching for Las Vegas Hustle : RHP Justin Price
Batting: RHB Mike Woodard 0-0: Foul Ball, location: 2F
0-1: Ball
1-1: Ball
2-1: Ground out 4-3 (Groundball, 4S, EV 87.5 MPH)
Batting: LHB Matt Beck 0-0: Ball
1-0: Ball
2-0: Foul Ball, location: 2F
2-1: Swinging Strike
2-2: Foul Ball, location: 2F
2-2: Strikes out looking
Batting: LHB Jeremy Papish 0-0: Ball
1-0: Foul Ball, location: 2F
1-1: SINGLE (Line Drive, 6M, EV 96.3 MPH)
Batting: LHB Carlos Parez 0-0: Ball
1-0: Foul Ball, location: 23F
1-1: Fly out, F7 (Flyball, 7D, EV 85.0 MPH)
Bottom of the 3rd over - 0 runs, 1 hit, 0 errors, 1 left on base; Las Vegas 1 - Colorado 1
TOP OF THE 4TH
Las Vegas Hustle batting - Pitching for Colorado Rockies : RHP Angel Cruz
Batting: RHB John Conway 0-0: Foul Ball, location: 9LMF
0-1: DOUBLE (Line Drive, 89D, EV 106.9 MPH)
Batting: RHB Clint Hurley 0-0: Called Strike
0-1: Hit by Pitch
Batting: LHB Yazid Deacon 0-0: Called Strike
0-1: Ball
1-1: Ball
2-1: SINGLE (Line Drive, 5D, EV 101.9 MPH)
John Conway to third
Clint Hurley to second
Runner from 3rd tries for Home, SAFE, throw by LF to home
Batting: RHB Norge Carlos Hernandez 0-0: Called Strike
0-1: Ball
1-1: Foul Ball, location: 3FF
1-2: SINGLE (Groundball, 56D, EV 96.9 MPH)
Clint Hurley to third
Yazid Deacon to second
Batting: SHB Josh Osborne 0-0: Ball
1-0: Hit by Pitch
Clint Hurley scores
Yazid Deacon to third
Norge Carlos Hernandez to second
Batting: SHB Alberto Aguilar 0-0: Foul Ball, location: 5FF
0-1: Fly out, F8 (Flyball, 8LD, EV 89.4 MPH)
Runner from 3rd tags up, SCORES, throw by CF
Norge Carlos Hernandez to third
Batting: RHB Rick Roberds 0-0: Swinging Strike
0-1: Called Strike
0-2: Ball
1-2: Ball
2-2: SINGLE (Groundball, 6MD, EV 103.8 MPH)
Norge Carlos Hernandez scores
Josh Osborne to second
Pitching: RHP Xavier Clayton
Batting: SHB Jose Espinoza 0-0: Ball
1-0: Foul Ball, location: 7LMF
1-1: Swinging Strike
1-2: Ball
2-2: Grounds into double play, 4-6-3 (Groundball, 4, EV 84.4 MPH)
Top of the 4th over - 4 runs, 4 hits, 0 errors, 1 left on base; Las Vegas 5 - Colorado 1
BOTTOM OF THE 4TH
Colorado Rockies batting - Pitching for Las Vegas Hustle : RHP Justin Price
Batting: LHB Mike Keatts 0-0: Foul Ball, location: 2F
0-1: Called Strike
0-2: Ball
1-2: Foul Ball, location: 23F
1-2: Ground out U3 (Groundball, 3S, EV 66.9 MPH)
Batting: RHB Hugo Sanchez 0-0: Ball
1-0: Ball
2-0: SINGLE (Line Drive, 7S, EV 98.1 MPH)
Batting: LHB Jesus Pena 0-0: Ball
1-0: Called Strike
1-1: Called Strike
1-2: Fly out, F7 (Flyball, 7LSF, EV 93.1 MPH)
Batting: RHB Brenden Oxton 0-0: Ball
1-0: Ball
2-0: Ball
3-0: Called Strike
3-1: Base on Balls
Hugo Sanchez to second
Batting: LHB Glenn Sewell 0-0: Ball
1-0: Ball
2-0: Ball
3-0: Called Strike
3-1: Foul Ball, location: 3F
3-2: Foul Ball, location: 5F
3-2: Base on Balls
Hugo Sanchez to third
Brenden Oxton to second
Batting: RHB Mike Woodard 0-0: Called Strike
0-1: Ball
1-1: Called Strike
1-2: Strikes out looking
Bottom of the 4th over - 0 runs, 1 hit, 0 errors, 3 left on base; Las Vegas 5 - Colorado 1
TOP OF THE 5TH
Las Vegas Hustle batting - Pitching for Colorado Rockies : RHP Xavier Clayton
Batting: RHB Tony Ledezma 0-0: Reached on error, E5 (Groundball, 56, EV 85.6 MPH)
Batting: RHB John Conway 0-0: Swinging Strike
0-1: Fly out, F7 (Flyball, 78S, EV 92.5 MPH)
Batting: RHB Clint Hurley 0-0: Called Strike
0-1: Ball
1-1: Ball
2-1: DOUBLE (Line Drive, 7LD, EV 106.3 MPH)
Tony Ledezma to third
Runner from 3rd tries for Home, SAFE, throw by LF to trailing runner, SAFE at third!
Batting: LHB Yazid Deacon 0-0: Called Strike
0-1: Ball
1-1: Foul Ball, location: 7LSF
1-2: Strikes out swinging
Batting: RHB Norge Carlos Hernandez 0-0: Ball
1-0: Ground out 5-3 (Groundball, 56, EV 98.8 MPH)
Top of the 5th over - 1 run, 1 hit, 1 error, 1 left on base; Las Vegas 6 - Colorado 1
BOTTOM OF THE 5TH
Colorado Rockies batting - Pitching for Las Vegas Hustle : RHP Justin Price
Batting: LHB Matt Beck 0-0: Ball
1-0: Called Strike
1-1: Swinging Strike
1-2: Strikes out looking
Batting: LHB Jeremy Papish 0-0: Ball
1-0: Fly out, F9 (Flyball, 89S, EV 90.6 MPH)
Batting: LHB Carlos Parez 0-0: Foul Ball, location: 7LSF
0-1: Ball
1-1: Foul Ball, location: 2F
1-2: Strikes out swinging
Bottom of the 5th over - 0 runs, 0 hits, 0 errors, 0 left on base; Las Vegas 6 - Colorado 1
TOP OF THE 6TH
Las Vegas Hustle batting - Pitching for Colorado Rockies : RHP Xavier Clayton
Batting: SHB Josh Osborne 0-0: SINGLE (Groundball, 4MD, EV 101.9 MPH)
Batting: SHB Alberto Aguilar 0-0: Ball
1-0: Called Strike
1-1: Ball
2-1: Foul Ball, location: 2F
2-2: Ball
3-2: Strikes out swinging
Batting: RHB Rick Roberds 0-0: Ball
1-0: Foul Ball, location: 2F
1-1: 2-RUN HOME RUN (Flyball, 7D, EV 99.4 MPH), Distance : 372 ft
Batting: SHB Jose Espinoza 0-0: Called Strike
0-1: Ball
1-1: Foul Ball, location: 5SF
1-2: Ball
2-2: Ball
3-2: Fly out, F2 (Popup, 2L, EV 98.1 MPH)
Batting: RHB Tony Ledezma 0-0: Called Strike
0-1: Foul Ball, location: 2F
0-2: Ball
1-2: Strikes out swinging
Top of the 6th over - 2 runs, 2 hits, 0 errors, 0 left on base; Las Vegas 8 - Colorado 1
BOTTOM OF THE 6TH
Colorado Rockies batting - Pitching for Las Vegas Hustle : RHP Justin Price
Batting: LHB Mike Keatts 0-0: Called Strike
0-1: DOUBLE (Line Drive, 9LD, EV 110.6 MPH)
Batting: RHB Hugo Sanchez 0-0: Foul Ball, location: 23FF
0-1: Ball
1-1: Foul Ball, location: 9LDF
1-2: Ball
2-2: Strikes out swinging
Pitching: RHP Javy Jacome
Batting: LHB Jesus Pena 0-0: SINGLE (Line Drive, 7LS, EV 92.5 MPH)
Mike Keatts to third
Batting: RHB Brenden Oxton 0-0: Called Strike
Jesus Pena steals 2nd base
0-1: Ball
1-1: Ball
2-1: Ball
3-1: Base on Balls
Batting: LHB Glenn Sewell 0-0: SINGLE (Line Drive, 89S, EV 108.8 MPH)
Mike Keatts scores
Jesus Pena to third
Brenden Oxton to second
Batting: RHB Mike Woodard 0-0: Ball
1-0: Swinging Strike
1-1: Ball
2-1: Grounds into fielders choice 5-2 (Groundball, 25, EV 80.6 MPH)
Brenden Oxton to third
Glenn Sewell to second
Batting: LHB Matt Beck 0-0: Called Strike
0-1: Called Strike
0-2: Ball
1-2: Ball
2-2: Ground out 4-3 (Groundball, 4MD, EV 101.3 MPH)
Bottom of the 6th over - 1 run, 3 hits, 0 errors, 3 left on base; Las Vegas 8 - Colorado 2
TOP OF THE 7TH
Las Vegas Hustle batting - Pitching for Colorado Rockies : RHP Xavier Clayton
Pitching: RHP Ricky Aguilera
Batting: RHB John Conway 0-0: Called Strike
0-1: Foul Ball, location: 2F
0-2: Ball
1-2: Ball
2-2: Ball
3-2: Strikes out swinging
Batting: RHB Clint Hurley 0-0: Called Strike
0-1: Ball
1-1: Ground out 1-3 (Groundball, 15S, EV 70.6 MPH)
Batting: LHB Yazid Deacon 0-0: Ball
1-0: Swinging Strike
1-1: Swinging Strike
1-2: Strikes out swinging
Top of the 7th over - 0 runs, 0 hits, 0 errors, 0 left on base; Las Vegas 8 - Colorado 2
BOTTOM OF THE 7TH
Colorado Rockies batting - Pitching for Las Vegas Hustle : RHP Javy Jacome
Batting: LHB Jeremy Papish 0-0: Foul Ball, location: 7LDF
0-1: Swinging Strike
0-2: Ball
1-2: Ground out U3 (Groundball, 3, EV 87.5 MPH)
Batting: LHB Carlos Parez 0-0: DOUBLE (Line Drive, 7LD, EV 109.4 MPH)
Batting: LHB Mike Keatts 0-0: DOUBLE (Line Drive, 5D, EV 96.3 MPH)
Carlos Parez scores
Batting: RHB Hugo Sanchez 0-0: Called Strike
0-1: Foul Ball, location: 9LSF
0-2: Ball
1-2: Strikes out looking
Batting: LHB Jesus Pena 0-0: Swinging Strike
0-1: Ball
1-1: Fly out, F7 (Flyball, 7LM, EV 95.0 MPH)
Bottom of the 7th over - 1 run, 2 hits, 0 errors, 1 left on base; Las Vegas 8 - Colorado 3
TOP OF THE 8TH
Las Vegas Hustle batting - Pitching for Colorado Rockies : RHP Ricky Aguilera
Batting: RHB Norge Carlos Hernandez 0-0: Swinging Strike
0-1: Ball
1-1: Foul Ball, location: 2F
1-2: Foul Ball, location: 9LDF
1-2: SINGLE (Line Drive, 4MD, EV 99.4 MPH)
Batting: SHB Josh Osborne 0-0: Called Strike
0-1: Swinging Strike
0-2: Strikes out swinging
Batting: SHB Alberto Aguilar 0-0: Called Strike
0-1: Ball
1-1: Swinging Strike
1-2: Strikes out swinging
Batting: RHB Rick Roberds 0-0: Ball
1-0: Foul Ball, location: 5FF
1-1: Ball
2-1: Foul Ball, location: 2F
2-2: Strikes out swinging
Top of the 8th over - 0 runs, 1 hit, 0 errors, 1 left on base; Las Vegas 8 - Colorado 3
BOTTOM OF THE 8TH
Colorado Rockies batting - Pitching for Las Vegas Hustle : RHP Javy Jacome
Batting: RHB Brenden Oxton 0-0: Called Strike
0-1: Foul Ball, location: 9LMF
0-2: Strikes out swinging
Batting: LHB Glenn Sewell 0-0: Called Strike
0-1: Ball
1-1: Foul Ball, location: 7LMF
1-2: Strikes out looking
Pitching: RHP Scott Dwyer
Batting: RHB Mike Woodard 0-0: Ball
1-0: Ground out 6-3 (Groundball, 6S, EV 69.4 MPH)
Bottom of the 8th over - 0 runs, 0 hits, 0 errors, 0 left on base; Las Vegas 8 - Colorado 3
TOP OF THE 9TH
Las Vegas Hustle batting - Pitching for Colorado Rockies : RHP Ricky Aguilera
Pitching: RHP Matthew Hodge
Batting: SHB Jose Espinoza 0-0: Called Strike
0-1: Ball
1-1: Foul Ball, location: 5F
1-2: Strikes out swinging
Batting: RHB Tony Ledezma 0-0: Ball
1-0: Ball
2-0: Ground out 6-3 (Groundball, 6, EV 78.8 MPH)
Batting: RHB John Conway 0-0: Called Strike
0-1: Ball
1-1: Foul Ball, location: 3F
1-2: Strikes out swinging
Top of the 9th over - 0 runs, 0 hits, 0 errors, 0 left on base; Las Vegas 8 - Colorado 3
BOTTOM OF THE 9TH
Colorado Rockies batting - Pitching for Las Vegas Hustle : RHP Scott Dwyer
Now at 1B: Leonardo Sosa
Now at 3B: Jose Espinoza
Now at SS: Josh Osborne
Batting: LHB Matt Beck 0-0: Ball
1-0: Fly out, F6 (Flyball, 6D, EV 98.1 MPH)
Batting: LHB Jeremy Papish 0-0: Ball
1-0: Called Strike
1-1: Ball
2-1: Foul Ball, location: 2F
2-2: Foul Ball, location: 2LF
2-2: Ball
3-2: Strikes out looking
Batting: LHB Carlos Parez 0-0: Called Strike
0-1: Swinging Strike
0-2: SINGLE (Flyball, 78S, EV 94.4 MPH)
Batting: LHB Mike Keatts 0-0: Ball
1-0: Ball
2-0: Called Strike
2-1: Foul Ball, location: 23F
2-2: Foul Ball, location: 2F
2-2: DOUBLE (Line Drive, 9LM, EV 88.8 MPH)
Carlos Parez to third
Pitching: RHP Jerry Perez
Batting: RHB Hugo Sanchez 0-0: Swinging Strike
0-1: Fly out, F3 (Popup, 3SF, EV 88.1 MPH)
Bottom of the 9th over - 0 runs, 2 hits, 0 errors, 2 left on base; Las Vegas 8 - Colorado 3
Sunday, April 14th , 2024 - OOTP Baseball 24.11 Build 85